 Dungeon Crawl Stone Soup version 0.15.2 (webtiles) character file.

291 bullock the Ruinous (level 6, -1/32 HPs)
             Began as a Gargoyle Wizard on Nov 30, 2014.
             Slain by Grinder (6 damage)
             ... on Level 5 of the Dungeon.
             The game lasted 00:11:36 (3854 turns).

bullock the Ruinous (Gargoyle Wizard)               Turns: 3854, Time: 00:11:36

HP  -1/32        AC 13     Str 10      XL: 6   Next: 32%
MP   1/15        EV 10     Int 21      God:
Gold 205         SH  0     Dex  8      Spells:  5 memorised,  2 levels left

rFire  . . .     SeeInvis .     b - +2 flail (protect)
rCold  . . .     Clarity  .     f - +0 leather armour
rNeg   + . .     rCorr    .     (no shield)
rPois  +         rRot     +     (no helmet)
rElec  +         Spirit   .     a - +0 cloak
SustAb .         Warding  .     (no gloves)
rMut   .         Stasis   .     (no boots)
Gourm  .                        (no amulet)
MR     .....                    (no ring)
                                (no ring)

@: repel missiles, not resistant to hostile enchantments, very unstealthy
A: negative energy resistance 1, electricity resistance, unbreathing,
petrification resistance, rot immunity, AC +4
a: no special abilities


You were on level 5 of the Dungeon.
You were not hungry.

You visited 1 branch of the dungeon, and saw 5 of its levels.

You collected 205 gold pieces.

Inventory:

Hand weapons
 b - a +2 flail of protection (weapon)
Armour
 a - a +0 cloak (worn)
 f - a +0 leather armour (worn)
 i - a +0 buckler
Comestibles
 n - a beef jerky
 w - a bread ration
Scrolls
 e - a scroll of recharging {unknown}
 g - 6 scrolls of identify {unknown}
 h - a scroll of enchant armour {unknown}
 j - 2 scrolls of enchant weapon {unknown}
 k - a scroll of amnesia {unknown}
 o - a scroll of immolation {unknown}
 q - a scroll of teleportation {unknown}
 r - a scroll of fear {unknown}
 s - a scroll of remove curse {unknown}
 t - 2 scrolls of magic mapping {unknown}
Jewellery
 d - an uncursed amulet of the gourmand {unknown}
Potions
 l - a potion of heal wounds {unknown}
 m - 2 potions of cure mutation {unknown}
 p - a potion of agility
 u - a potion of brilliance {unknown}
 v - a potion of restore abilities {unknown}
Books
 c - a book of Minor Magic

   Spells                             Type                      Level
   *Magic Dart                        Conjuration                  1
   *Blink                             Translocation                2
   Call Imp                           Summoning                    2
   *Repel Missiles                    Charms/Air                   2
   Slow                               Hexes                        2
   *Conjure Flame                     Conjuration/Fire             3
   *Mephitic Cloud                    Conjuration/Poison/Air       3
 x - a book of Ice

   Spells                             Type                      Level
   Metabolic Englaciation             Hexes/Ice                    5
   Ozocubu's Refrigeration            Ice                          6
   Bolt of Cold                       Conjuration/Ice              6
   Freezing Cloud                     Conjuration/Ice/Air          6
   Simulacrum                         Ice/Necromancy               6


   Skills:
 - Level 1.5 Dodging
 - Level 2.1 Stealth
 + Level 4.4 Spellcasting
 * Level 5.5 Conjurations
   Level 0.8 Summonings
 - Level 0.8 Translocations


You had 2 spell levels left.
You knew the following spells:

 Your Spells              Type           Power        Failure   Level  Hunger
a - Magic Dart            Conj           ####         1%          1    None
f - Conjure Flame         Conj/Fire      ###.....     14%         3    ###....
q - Blink                 Tloc           N/A          14%         2    #......
r - Mephitic Cloud        Conj/Pois/Air  ##......     21%         3    ###....
v - Repel Missiles        Chrm/Air       #.....       17%         2    #......


Dungeon Overview and Level Annotations

Branches:
Dungeon (5/15)
 Temple: D:4-7

Altars:
Dithmenos
Makhleb
The Shining One

Annotations:
D:2 Terence
D:5 Grinder


Innate Abilities, Weirdness & Mutations

You are resistant to torment.
You are immune to poison.
Your stone body is very resilient (AC +4).
You resist negative energy.
You are resistant to electric shocks.
You can survive without breathing.
You are immune to petrification.
You are immune to rotting.


Message History

The shadow imp hits you but does no damage.
Casting: Magic Dart
Confirm with . or Enter, or press ? or * to list all spells.
Aiming: Magic Dart
Press: ? - help, Shift-Dir - straight line, f/p - Grinder
Aim: Grinder (almost dead)
The magic dart hits Grinder.
Grinder is almost dead.
The shadow imp hits you.
* * * LOW HITPOINT WARNING * * *
Casting: Magic Dart
Confirm with . or Enter, or press ? or * to list all spells.
Aiming: Magic Dart
Press: ? - help, Shift-Dir - straight line, f/p - Grinder
Aim: Grinder (severely wounded)
The magic dart hits Grinder.
Grinder is severely wounded.
The shadow imp hits you but does no damage.
Grinder hits you.
You die...

# ###.... .......
###### # ......#
#....#### ......#
#........ #....#
##........
###....####.........
##...................
##...@........###....#
##.g5..5.....###
#...##
###.....Y.....## #..##
................# #..#
...............# #..#
##.............# #..#
#.............. #..#
#.............. #..#
............. #..#


You could see Grinder, an ice beast, a shadow imp and a hobgoblin.

Vanquished Creatures
  Sigmund (D:2)
  A hound (D:3)
  An orc priest (D:4)
  Crazy Yiuf (D:3)
  A gnoll (D:3)
  4 adders
  A worm (D:4)
  4 giant geckos
  An ooze (D:3)
  8 orcs
  10 bats
  5 giant cockroaches
  4 hobgoblins
  6 kobolds
  A ball python (D:1)
  2 giant newts
  6 goblins
  9 rats
  A fungus (D:3)
67 creatures vanquished.

Notes
Turn   | Place    | Note
--------------------------------------------------------------
     0 | D:1      | bullock, the Gargoyle Wizard, began the quest for the Orb.
     0 | D:1      | Reached XP level 1. HP: 10/10 MP: 4/4
   224 | D:1      | Reached XP level 2. HP: 13/15 MP: 0/6
   348 | D:1      | Learned a level 2 spell: Blink
   352 | D:1      | Learned a level 2 spell: Repel Missiles
   997 | D:2      | Reached XP level 3. HP: 17/19 MP: 1/8
  1295 | D:2      | Noticed Terence
  1396 | D:2      | Learned a level 3 spell: Conjure Flame
  1654 | D:2      | Found a shadowy altar of Dithmenos.
  1713 | D:2      | Noticed Sigmund
  1779 | D:2      | Killed Sigmund
  1779 | D:2      | Reached skill level 4 in Conjurations
  1779 | D:2      | Reached XP level 4. HP: 24/24 MP: 0/10
  1779 | D:2      | Reached XP level 5. HP: 28/28 MP: 0/12
  1940 | D:3      | Found a burning altar of Makhleb.
  2440 | D:3      | Found a glowing golden altar of the Shining One.
  3013 | D:3      | Noticed Crazy Yiuf
  3026 | D:3      | Killed Crazy Yiuf
  3026 | D:3      | Reached skill level 5 in Conjurations
  3167 | D:3      | Reached XP level 6. HP: 32/32 MP: 9/15
  3176 | D:3      | Learned a level 3 spell: Mephitic Cloud
  3198 | D:4      | Got a thick robe
  3209 | D:4      | Identified the +2 robe of Smieceum {Str-4 Int+4} (You found it on level 4 of the Dungeon)
  3819 | D:5      | Entered Level 5 of the Dungeon
  3836 | D:5      | Noticed Grinder
  3854 | D:5      | Slain by Grinder

Action                   |  1- 3 |  4- 6 || total
-------------------------+-------+-------++-------
Melee: Dagger            |     7 |    13 ||    20
       Flail             |       |    62 ||    62
 Cast: Magic Dart        |    81 |    77 ||   158
       Repel Missiles    |     2 |       ||     2
       Blink             |     6 |     1 ||     7
       Conjure Flame     |     1 |     1 ||     2
       Mephitic Cloud    |       |     2 ||     2
  Use: Potion            |     2 |       ||     2
 Stab: Confused          |       |     1 ||     1
       Sleeping          |       |     1 ||     1
  Eat: Bread ration      |     1 |       ||     1
       Chunk             |       |     5 ||     5
